 Dungeon Sprint DCSS version 0.30-a0-585-g93115170b9 (webtiles) character file.

Game seed: 17694045279046747128

3100000 mhtbhm the Axe Maniac (level 16, -4/183 HPs)
             Began as a Minotaur Monk on Jan 1, 2023.
             Was a High Priest of Makhleb.
             Slain by a large bag of meat
             ... wielding a +9 giant spiked club
              (107 damage)
             ... in the Dungeon (Sprint VIII: "Arena of Blood").
             The game lasted 00:00:44 (31 turns).

mhtbhm the Axe Maniac (Minotaur Monk)                 Turns: 31, Time: 00:00:44

Health: -4/183     AC:  2    Str: 23    XL:     16   Next: 50%
Magic:  15/17      EV: 26    Int:  7    God:    Makhleb [*****.]
Gold:   0          SH:  0    Dex: 14    Spells: 18/18 levels left

rFire   . . .      SeeInvis .    j - +∞ Axe of Woe
rCold   . . .      Faith    .    (shield currently unavailable)
rNeg    . . .      Spirit   .    b - +0 robe
rPois   .          Reflect  .    (helmet restricted)
rElec   .          Harm     .    (no cloak)
rCorr   .          Rampage  .    (no gloves)
Will    +....      NoTele   +    (no boots)
Stlth   +++++++++                (no amulet)
HPRegen 0.50/turn                f - +30 ring of slaying
MPRegen 0.15/turn                k - +30 ring of slaying

@: hasted, very quick
A: horns 2, retaliatory headbutt
a: Renounce Religion, Minor Destruction, Lesser Servant of Makhleb, Major
Destruction, Greater Servant of Makhleb


You were in the Dungeon.
You worshipped Makhleb.
Makhleb was extremely pleased with you.
You visited 1 branch

Inventory:

Hand Weapons
 a - a +0 hand axe
 j - the +∞ Axe of Woe (weapon)
   (You found it in the Dungeon)
Armour
 b - a +0 robe (worn)
Jewellery
 f - a +30 ring of slaying (left hand)
 k - a +30 ring of slaying (right hand)
Scrolls
 i - a scroll of blinking
Potions
 c - a potion of ambrosia
 d - a potion of curing
 e - a potion of heal wounds
 g - 2 potions of magic
 h - a potion of berserk rage


   Skills:
 O Level 27 Fighting
 + Level 2.8(3.3) Short Blades
 + Level 3.0(3.7) Long Blades
 O Level 27 Axes
 + Level 3.0(18.4) Maces & Flails
 + Level 3.0(18.4) Polearms
 + Level 3.0(4.2) Staves
 + Level 2.7 Ranged Weapons
 + Level 2.5 Throwing
 + Level 3.0 Armour
 O Level 27 Dodging
 O Level 27 Stealth
 + Level 3.0 Shields
 + Level 2.7 Unarmed Combat
 + Level 1.6 Spellcasting
 + Level 1.8 Conjurations
 + Level 1.9 Hexes
 + Level 1.8 Summonings
 + Level 1.8 Necromancy
 + Level 1.8 Translocations
 + Level 2.0 Transmutations
 + Level 1.8 Fire Magic
 + Level 1.8 Ice Magic
 + Level 1.8 Air Magic
 + Level 2.0 Earth Magic
 + Level 2.1 Poison Magic
 + Level 2.8 Invocations
 + Level 2.5 Evocations


You had 18 spell levels left.
You didn't know any spells.
Your spell library was empty.

Dungeon Overview and Level Annotations

Branches:
Dungeon (1/1)

Altars:
Makhleb


Innate Abilities, Weirdness & Mutations

You have a pair of horns on your head.
You reflexively headbutt those who attack you in melee.


Message History

The destroyer blinks!
You hear a shout! x3
Items here: )) == ††.
You slice the bag of meat like a ripe choko!!!!
You chop the bag of meat into pieces.
You kill the bag of meat!
Makhleb accepts your kill.
You feel better.
You hear a shout! x3
Your base Short Blades skill gained 2 levels and is now at level 2!
Your Long Blades skill gained 3 levels and is now at level 3!
Your base Maces & Flails skill gained 3 levels and is now at level 3!
Your base Polearms skill gained 3 levels and is now at level 3!
Your base Staves skill gained 3 levels and is now at level 3!
Your Ranged Weapons skill gained 2 levels and is now at level 2!
Your Throwing skill gained 2 levels and is now at level 2!
Your Armour skill gained 3 levels and is now at level 3!
Your Shields skill gained 3 levels and is now at level 3!
Your Unarmed Combat skill gained 2 levels and is now at level 2!
Your Spellcasting skill increases to level 1!
Your Conjurations skill increases to level 1!
Your Hexes skill increases to level 1!
Your Summonings skill increases to level 1!
Your Necromancy skill increases to level 1!
Your Translocations skill increases to level 1!
Your Transmutations skill gained 2 levels and is now at level 2!
Your Fire Magic skill increases to level 1!
Your Ice Magic skill increases to level 1!
Your Air Magic skill increases to level 1!
Your Earth Magic skill gained 2 levels and is now at level 2!
Your Poison Magic skill gained 2 levels and is now at level 2!
Your Invocations skill gained 2 levels and is now at level 2!
Your Evocations skill gained 2 levels and is now at level 2!
Unknown command.
You hear a shout! x3
The bag of meat is engulfed in blazing flames.
You hear a shout! x2
The large bag of meat hits you with a +9 giant spiked club!!!!
Ouch! That really hurt!
You die...

.........
........o #.....
.# .. #.... ..#
...###... ..###.
..V.....###......
#.§....)§§§.....
......#)§°§.#..
..... #@§o§_#
.... #O....#
#......)._......
........###......
...###... ..###.
.. #... ..# #....
.# ..... .o
......


You could see a large bag of meat (inner flame) and a bag of meat.

Vanquished Creatures
  4 ogres (D)
  A two-headed ogre (D)
  9 orcs (D)
14 creatures vanquished.

Notes
Turn   | Place    | Note
-------+----------+-------------------------------------------
     0 | D        | Found the +∞ Axe of Woe
     0 | D        | mhtbhm the Minotaur Monk began the quest for the Orb.
     0 | D        | Reached XP level 1. HP: 19/19 MP: 0/0
     1 | D        | Noticed a bag of meat
     1 | D        | Noticed a bag of meat
     1 | D        | Noticed a bag of meat
     2 | D        | Noticed a bag of meat
     2 | D        | Noticed a bag of meat
     4 | D        | Noticed a bag of meat
     6 | D        | Became a worshipper of Makhleb the Destroyer
     6 | D        | Reached * piety under Makhleb
     6 | D        | Reached ** piety under Makhleb
     7 | D        | Noticed a meat berserker
     8 | D        | Killed a bag of meat
     9 | D        | Reached skill level 5 in Stealth
     9 | D        | Reached XP level 2. HP: 51/51 MP: 1/1
     9 | D        | Reached XP level 3. HP: 58/58 MP: 2/2
     9 | D        | Reached XP level 4. HP: 66/66 MP: 3/3
     9 | D        | Reached XP level 5. HP: 73/73 MP: 4/4
     9 | D        | Reached XP level 6. HP: 81/81 MP: 5/5
     9 | D        | Reached XP level 7. HP: 88/88 MP: 6/6
     9 | D        | Reached XP level 8. HP: 95/95 MP: 7/7
     9 | D        | Reached XP level 9. HP: 103/103 MP: 8/8
     9 | D        | Reached XP level 10. HP: 111/111 MP: 9/9
     9 | D        | Killed a bag of meat
    10 | D        | Reached XP level 11. HP: 123/123 MP: 10/10
    10 | D        | Killed a bag of meat
    10 | D        | Noticed a meat berserker
    11 | D        | Reached XP level 12. HP: 136/136 MP: 11/11
    11 | D        | Killed a meat berserker
    11 | D        | Reached *** piety under Makhleb
    12 | D        | Reached XP level 13. HP: 149/149 MP: 12/12
    12 | D        | Killed a bag of meat
    13 | D        | Killed a bag of meat
    14 | D        | Reached XP level 14. HP: 162/162 MP: 13/13
    14 | D        | Noticed a bag of meat
    14 | D        | Noticed a bag of meat
    14 | D        | Noticed a bag of meat
    16 | D        | Noticed a bag of meat
    17 | D        | Killed a meat berserker
    17 | D        | Reached **** piety under Makhleb
    17 | D        | Noticed a meat berserker
    17 | D        | Noticed a meat berserker
    18 | D        | Reached skill level 27 in Fighting
    18 | D        | Reached skill level 27 in Axes
    20 | D        | Noticed a large bag of meat
    21 | D        | Noticed a large bag of meat
    22 | D        | Killed a meat berserker
    22 | D        | Noticed a bag of meat
    23 | D        | Reached skill level 27 in Dodging
    23 | D        | Reached skill level 15 in Stealth
    23 | D        | Reached XP level 15. HP: 174/174 MP: 14/14
    26 | D        | Killed a meat berserker
    26 | D        | Reached ***** piety under Makhleb
    27 | D        | Noticed a destroyer
    28 | D        | Killed a large bag of meat
    29 | D        | Reached skill level 27 in Stealth
    29 | D        | Reached XP level 16. HP: 84/183 MP: 15/15
    31 | D        | Reached skill level 1 in Spellcasting
    31 | D        | Reached skill level 1 in Conjurations
    31 | D        | Reached skill level 1 in Hexes
    31 | D        | Reached skill level 1 in Summonings
    31 | D        | Reached skill level 1 in Necromancy
    31 | D        | Reached skill level 1 in Translocations
    31 | D        | Reached skill level 1 in Fire Magic
    31 | D        | Reached skill level 1 in Ice Magic
    31 | D        | Reached skill level 1 in Air Magic
    31 | D        | Slain by a large bag of meat

Illustrated notes

Levels and vault maps discovered:
D:        meatsprint

Skill      XL: |  1  2  3  4  5  6  7  8  9 10 11 12 13 14 15 16 |
---------------+-------------------------------------------------+-----
Fighting       | 17 19 21 23 25 27 | 27.0
Axes           | 18 20 22 25 26 27 | 27.0
Dodging        | 16 18 19 22 23 27 | 27.0
Stealth        | 5 6 7 15 27 | 27.0
Short Blades   | 2 |  2.8
Long Blades    | 3 |  3.0
Maces & Flails | 3 |  3.0
Polearms       | 3 |  3.0
Staves         | 3 |  3.0
Ranged Weapons | 2 |  2.7
Throwing       | 2 |  2.5
Armour         | 3 |  3.0
Shields        | 3 |  3.0
Unarmed Combat | 2 |  2.7
Spellcasting   | 1 |  1.6
Conjurations   | 1 |  1.8
Hexes          | 1 |  1.9
Summonings     | 1 |  1.8
Necromancy     | 1 |  1.8
Translocations | 1 |  1.8
Transmutations | 2 |  2.0
Fire Magic     | 1 |  1.8
Ice Magic      | 1 |  1.8
Air Magic      | 1 |  1.8
Earth Magic    | 2 |  2.0
Poison Magic   | 2 |  2.1
Invocations    | 2 |  2.8
Evocations     | 2 |  2.5

Action                   |  1- 3 |  4- 6 |  7- 9 | 10-12 | 13-15 | 16-18 || total
-------------------------+-------+-------+-------+-------+-------+-------++-------
Melee: Executioner's axe |     1 |       |       |     3 |     7 |     1 ||    12
  Use: Potion            |     1 |       |       |       |       |       ||     1

Table legend: (Time is in decaauts)
 A = Elapsed time spent in this place.
 B = Non-inter-level travel time spent in this place.
 C = Inter-level travel time spent in this place.
 D = Time resting spent in this place.
 E = Time spent auto-exploring this place.
 F = Levels seen in this place.
 G = Mean time per level.
                   A        B        C        D        E       F      G
               +--------+--------+--------+--------+--------+-----+--------+
         Total |     20 |     20 |      0 |      0 |      0 |   1 |   20.0 |
       Dungeon |     20 |     20 |      0 |      0 |      0 |   1 |   20.0 |
               +--------+--------+--------+--------+--------+-----+--------+

Top non-repeatable levels by time:
       D: 20 daAuts
